 Dungeon Crawl Stone Soup version 0.25-a0-1007-g10a8c3caa8 (webtiles) character file.

Game seed: 5019517649967204521, levelgen mode: deterministic

45444 Flugslaktarn the Severer (level 14, 0/127 HPs)
             Began as a Minotaur Fighter on May 11, 2020.
             Was the Champion of Cheibriados.
             Killed from afar by a rime drake (31 damage)
             ... with a flash freeze
             ... on level 5 of the Lair of Beasts.
             The game lasted 00:08:52 (17612 turns).

Flugslaktarn the Severer (Minotaur Fighter)        Turns: 17612, Time: 00:08:53

Health: 0/127      AC: 17    Str: 30    XL:     14   Next: 1%
Magic:  4/20       EV: 12    Int: 20    God:    Cheibriados [******]
Gold:   827        SH: 16    Dex: 31    Spells: 13/13 levels left

rFire    . . .     SeeInvis .   a - +2 war axe (freeze)
rCold    . . .     Gourm    .   c - +0 kite shield
rNeg     . . .     Faith    +   k - +0 plate armour
rPois    +         Spirit   .   (helmet restricted)
rElec    .         Reflect  .   (no cloak)
rCorr    +         Harm     .   (no gloves)
MR       +++..                  C - +0 pair of boots
Stlth    ..........             A - amulet of faith
HPRegen  0.31/turn              F - ring of Quyx {MR++ rCorr Str-5 Slay+3}
MPRegen  0.17/turn              o - ring of poison resistance

@: very slow
A: retaliatory headbutt, horns 2
a: Bend Time, Temporal Distortion, Slouch, Step From Time, Renounce Religion


You were on level 5 of the Lair of Beasts.
You worshipped Cheibriados.
Cheibriados was exalted by your worship.
You were hungry.

You visited 2 branches of the dungeon, and saw 17 of its levels.
You also visited: Sewer, Ossuary and Volcano.

You collected 827 gold pieces.

Inventory:

Hand Weapons
 a - a +2 war axe of freezing (weapon)
   (You found it on level 4 of the Lair of Beasts)
 b - a +3 scimitar of flaming
   (You took it off Azrael on level 12 of the Dungeon)
Missiles
 s - 2 throwing nets (quivered)
Armour
 c - a +0 kite shield (worn)
 k - a +0 plate armour (worn)
   (You found it on level 5 of the Dungeon)
 C - a +0 pair of boots (worn)
   (You found it on level 4 of the Lair of Beasts)
Jewellery
 i - an uncursed ring of positive energy
   (You found it on level 3 of the Dungeon)
 o - a ring of poison resistance (right hand)
   (You found it on level 11 of the Dungeon)
 A - an amulet of faith (around neck)
   (You found it on level 3 of the Lair of Beasts)
 F - the ring of Quyx (left hand) {MR++ rCorr Str-5 Slay+3}
   (You acquired it on level 3 of the Lair of Beasts)

   [ring of resist corrosion]

   It affects your strength (-5).
   It affects your accuracy and damage with ranged weapons and melee attacks
   (+3).
   It affects your resistance to hostile enchantments.
   It provides partial protection from all sources of acid and corrosion.
Wands
 l - a wand of enslavement (8)
   (You found it on level 10 of the Dungeon)
 m - a wand of clouds (5)
   (You found it on level 9 of the Dungeon)
 v - a wand of digging (4)
   (You found it on level 4 of the Lair of Beasts)
 y - a wand of acid (4)
   (You found it on level 1 of the Lair of Beasts)
Scrolls
 h - 2 scrolls of magic mapping
 j - 4 scrolls of fear
 p - 2 scrolls of fog
 r - 2 scrolls of identify
 t - 10 scrolls of teleportation
 x - 4 scrolls of remove curse
 z - a scroll of blinking
 B - 4 scrolls of immolation
 G - a scroll of summoning {unknown}
Potions
 d - 3 potions of might
 f - 2 potions of ambrosia
 g - 2 potions of magic
 n - 5 potions of flight
 q - 13 potions of curing
 u - 2 potions of berserk rage {unknown}
 w - a potion of heal wounds
 D - 4 potions of lignification
 E - 3 potions of mutation {unknown}
Comestibles
 e - 23 rations
 H - 5 chunks of flesh


   Skills:
 + Level 12.6 Fighting
 - Level 15.0 Axes
 + Level 12.6 Armour
 + Level 5.0 Dodging
 + Level 12.6 Shields
 + Level 10.2 Invocations


You had 13 spell levels left.
You didn't know any spells.
Your spell library was empty.

Dungeon Overview and Level Annotations

Branches:
Dungeon (12/15)            Temple (0/1) D:7            Lair (5/6) D:9
  Swamp (0/4) Lair:2       Spider (0/4) Lair:4          Orc (0/2) D:10
  Sewer (visited)         Ossuary (visited)         Volcano (visited)
  Slime: Lair:5-6

Altars:
Ashenzari
Cheibriados
Dithmenos
Fedhas
Gozag
Hepliaklqana
Kikubaaqudgha
Ru
Uskayaw
Xom

Shops:
D:12 %

Portals:
Trove: D:10 (give 6 potions of haste)

Annotations:
D:3 2 transporters, ra1n577's ghost, amateur MiFi


Innate Abilities, Weirdness & Mutations

You reflexively headbutt those who attack you in melee.
You have a pair of horns on your head.


Message History

The rime drake hisses angrily.
You block the wyvern's attack.
A wyvern comes into view.
You block the wyvern's attack. The wyvern closely misses you.
You furiously retaliate!
You headbutt the wyvern! You block the wyvern's attack.
You can feel time thicken for a moment.
You kill the wyvern!
Cheibriados thoroughly appreciates the change of pace.
You have reached level 14!
You kill the wyvern!
Cheibriados thoroughly appreciates the change of pace.
Your Dodging skill increases to level 5!
You kill the wyvern!
Cheibriados thoroughly appreciates the change of pace.
You feel somewhat more hungry.
A basilisk comes into view.
The rime drake breathes ice at you. The flash freeze hits you!!
You die...

.......P.....#[#.#
...........P......#
.................
..........#P..##
.............†.###
.................#
........†.....†..#
.#..............†........
#..............†@.k.P#...
................†#†....l#
.$...........††###..D.†.#
....l.....%...(.# ..†.P#
.....................###
.....................#
.....<................
.....................
.....................


You could see a five-headed hydra, a basilisk (wandering) and a rime drake
(catching breath).

Vanquished Creatures
  Kirke (Lair:4)
  Azrael (D:12)
  A vault guard (D:10)
  4 hydras
  Harold (D:7)
  Erica (Lair:2)
  2 two-headed ogres
  A hell knight (Volcano)
  Nergalle (Lair:2)
  A sun demon (Volcano)
  Sonja (Lair:1)
  Pikel (D:6)
  8 ugly things
  A wolf spider (D:11)
  A manticore (D:12)
  6 elephants (Lair:5)
  3 black mambas
  2 centaur skeletons
  4 rime drakes
  9 spiny frogs
  A komodo dragon (Lair:1)
  5 trolls
  A queen bee (D:11)
  A red devil (Volcano)
  A hornet (D:9)
  11 hippogriffs
  12 blink frogs
  2 vampires
  18 yaks
  7 wyverns (Lair:5)
  7 fire bats (Volcano)
  3 hogs (Lair:4)
  A wraith (Ossuary)
  3 fire elementals (D:12)
  A hungry ghost (D:10)
  2 hell hounds (D:12)
  11 porcupines
  11 water moccasins
  A sky beast (D:9)
  A slave (D:6)
  4 orc warriors
  2 ice beasts
  4 phantoms
  9 ogres
  A necrophage (D:6)
  2 eyes of draining
  11 centaurs
  6 wolves (Lair:4)
  8 crocodiles
  A big kobold (Sewer)
  An elf zombie (Ossuary)
  16 bullfrogs
  2 gnoll sergeants
  A scorpion (D:5)
  3 troll zombies (D:10)
  17 killer bees (D:11)
  3 crimson imps
  2 centaur zombies
  8 lava snakes (Volcano)
  3 quasits
  8 hounds
  5 jellies
  4 orc priests
  2 bullfrog skeletons (D:11)
  A gnoll shaman (D:7)
  6 iguanas
  13 orc wizards
  7 worker ants
  5 ogre zombies (D:10)
  2 hound skeletons (D:6)
  3 mummies (Ossuary)
  15 gnolls
  A howler monkey skeleton (D:6)
  11 adders
  3 shadow imps
  2 adder zombies
  7 worms
  2 dart slugs
  9 leopard geckos
  42 orcs
  5 ball pythons
  7 giant cockroaches
  A gnoll zombie (Ossuary)
  4 hobgoblins
  6 quokkas
  3 bats
  2 frilled lizards
  4 goblins (D:3)
  3 goblin zombies
  2 hobgoblin skeletons (D:10)
  2 hobgoblin zombies (D:10)
  A jackal skeleton (D:5)
  13 kobolds (Sewer)
  3 kobold zombies (Ossuary)
  4 orc skeletons (D:10)
  16 orc zombies (D:10)
  A quokka skeleton (D:9)
  3 rats (D:3)
482 creatures vanquished.

Vanquished Creatures (others)
  An adder (D:6)
  A hobgoblin zombie (Ossuary)
  A quokka zombie (D:6)
  A plant (Lair:3)
4 creatures vanquished.

Grand Total: 486 creatures vanquished

Notes
Turn   | Place    | Note
-------+----------+-------------------------------------------
     0 | D:1      | Flugslaktarn the Minotaur Fighter began the quest for the
                  | Orb.
     0 | D:1      | Reached XP level 1. HP: 19/19 MP: 0/0
    90 | D:2      | Found a shattered altar of Ashenzari.
   268 | D:3      | Found an opulent altar of Gozag.
   273 | D:3      | Noticed a quasit
   279 | D:3      | Found a transporter.
   282 | D:3      | Noticed a quasit
   284 | D:3      | Noticed a quasit
   289 | D:3      | Reached XP level 2. HP: 27/27 MP: 1/1
   291 | D:3      | Noticed ra1n577's ghost (amateur MiFi)
   298 | D:3      | Reached skill level 3 in Axes
   298 | D:3      | Reached XP level 3. HP: 28/33 MP: 2/2
   357 | D:3      | Found a snail-covered altar of Cheibriados.
   361 | D:3      | Became a worshipper of Cheibriados the Contemplative
   557 | D:3      | Reached XP level 4. HP: 35/40 MP: 3/3
   805 | D:3      | Found a transporter.
  1047 | D:4      | Noticed a phantom
  1060 | D:4      | Found a hazy altar of Hepliaklqana.
  1063 | D:4      | Killed a phantom
  1063 | D:4      | Reached * piety under Cheibriados
  1063 | D:4      | Reached skill level 4 in Axes
  1063 | D:4      | Reached skill level 1 in Invocations
  1063 | D:4      | Reached XP level 5. HP: 32/47 MP: 4/4
  1214 | D:4      | Noticed an ogre
  1221 | D:4      | Killed an ogre
  1221 | D:4      | Reached XP level 6. HP: 37/53 MP: 4/6
  1326 | D:4      | Reached skill level 5 in Axes
  1338 | D:4      | Reached skill level 5 in Fighting
  1338 | D:4      | Reached skill level 5 in Armour
  1418 | D:4      | Found a glowing drain.
  1422 | D:4      | Reached skill level 5 in Shields
  1451 | Sewer    | Entered a sewer
  1596 | Sewer    | Reached ** piety under Cheibriados
  1650 | Sewer    | Reached XP level 7. HP: 58/61 MP: 7/7
  2086 | D:4      | Reached skill level 6 in Axes
  2326 | D:5      | Entered Level 5 of the Dungeon
  2405 | D:5      | Reached *** piety under Cheibriados
  2847 | D:5      | Reached XP level 8. HP: 70/70 MP: 9/9
  2863 | D:5      | Reached skill level 7 in Axes
  3706 | D:6      | Noticed a +0 dagger
  3706 | D:6      | Noticed a +0 hand axe
  3711 | D:6      | Found a hide-covered altar of Uskayaw.
  3791 | D:6      | Noticed Pikel
  3800 | D:6      | Killed Pikel
  3800 | D:6      | Reached **** piety under Cheibriados
  3800 | D:6      | Reached skill level 8 in Axes
  3806 | D:6      | Reached XP level 9. HP: 64/78 MP: 9/11
  4037 | D:6      | Found a shadowy altar of Dithmenos.
  4037 | D:6      | Found a blossoming altar of Fedhas.
  4334 | D:7      | Found a staircase to the Ecumenical Temple.
  4342 | D:7      | Reached skill level 9 in Axes
  4588 | D:7      | Found a shimmering altar of Xom.
  4620 | D:7      | Found a shimmering altar of Xom.
  4638 | D:7      | Reached ***** piety under Cheibriados
  4908 | D:7      | Found a shimmering altar of Xom.
  4912 | D:7      | Found a shimmering altar of Xom.
  4927 | D:7      | Found a shimmering altar of Xom.
  5016 | D:7      | Noticed Harold
  5033 | D:7      | Killed Harold
  5033 | D:7      | Reached skill level 10 in Axes
  5033 | D:7      | Reached skill level 5 in Invocations
  5396 | D:8      | Reached XP level 10. HP: 82/88 MP: 13/13
  5448 | D:8      | Found a sand-covered staircase.
  5453 | Ossuary  | Entered an ossuary
  6122 | D:8      | Found a sacrificial altar of Ru.
  6391 | D:8      | Found an ancient bone altar of Kikubaaqudgha.
  6902 | D:9      | Noticed a two-headed ogre
  6909 | D:9      | Killed a two-headed ogre
  7123 | D:9      | Reached skill level 11 in Axes
  7665 | D:9      | Found a staircase to the Lair.
  7854 | Lair:1   | Entered Level 1 of the Lair of Beasts
  7856 | Lair:1   | Noticed a seven-headed hydra
  8227 | D:10     | Entered Level 10 of the Dungeon
  8339 | D:10     | Reached ****** piety under Cheibriados
  8341 | D:10     | Found a staircase to the Orcish Mines.
  8391 | D:10     | Noticed a vault guard
  8418 | D:10     | Killed a vault guard
  8418 | D:10     | Reached XP level 11. HP: 19/97 MP: 14/14
  8712 | D:10     | Found a portal to a secret trove of treasure.
  9090 | D:11     | Reached skill level 12 in Axes
  9532 | D:11     | You fall into a shaft and drop 1 floor!
  9743 | D:12     | Noticed a cyan ugly thing
  9752 | D:12     | Killed a cyan ugly thing
 10007 | D:12     | Found Yklag's Food Emporium.
 10411 | D:12     | Noticed Azrael
 10426 | D:12     | Killed Azrael
 10426 | D:12     | Reached skill level 10 in Fighting
 10426 | D:12     | Reached skill level 10 in Armour
 10720 | D:11     | Noticed a red ugly thing
 10720 | D:11     | Noticed a brown ugly thing
 10726 | D:11     | Reached skill level 10 in Shields
 10730 | D:11     | Killed a red ugly thing
 10730 | D:11     | Reached skill level 13 in Axes
 10739 | D:11     | Killed a red ugly thing
 10976 | D:11     | Noticed a purple ugly thing
 10978 | D:11     | Noticed a brown ugly thing
 10997 | D:11     | Killed a brown ugly thing
 11001 | D:11     | Killed a brown ugly thing
 11030 | D:11     | Reached XP level 12. HP: 73/107 MP: 9/16
 11400 | D:11     | Noticed a two-headed ogre
 11410 | D:11     | Killed a two-headed ogre
 12166 | Lair:1   | Killed a 12-headed hydra
 12442 | Lair:1   | Reached skill level 14 in Axes
 12459 | Lair:1   | Noticed Sonja
 12468 | Lair:1   | Killed Sonja
 13518 | Lair:2   | Noticed Nergalle
 13540 | Lair:2   | Killed Nergalle
 13618 | Lair:2   | Noticed Erica
 13639 | Lair:2   | Killed Erica
 13956 | Lair:2   | Reached XP level 13. HP: 110/116 MP: 18/18
 14202 | Lair:2   | Found a staircase to the Swamp.
 14207 | Lair:2   | Reached skill level 15 in Axes
 14980 | Lair:3   | Reached skill level 1 in Dodging
 14987 | Lair:3   | Identified a scroll of acquirement
 14988 | Lair:3   | Identified the ring of Quyx {MR++ rCorr Str-5 Slay+3} (You
                  | acquired it on level 3 of the Lair of Beasts)
 15003 | Lair:3   | Found a dark tunnel.
 15010 | Volcano  | Entered a volcano
 15548 | Volcano  | Found a bloodstained altar of Trog.
 16722 | Lair:4   | Found a hole to the Spider Nest.
 16795 | Lair:4   | Noticed Kirke
 16810 | Lair:4   | Killed Kirke
 17585 | Lair:5   | Reached skill level 10 in Invocations
 17612 | Lair:5   | Reached XP level 14. HP: 31/127 MP: 9/20
 17612 | Lair:5   | Reached skill level 5 in Dodging
 17612 | Lair:5   | Killed from afar by a rime drake

Illustrated notes

Levels and vault maps discovered:
D:1:      ncdulo_watergridlock, layout_loops_corners, serial_co_window_serial,
          co_window_of_opportunity_a, co_window_paths_b, co_window_corner_a,
          co_window_paths_a, co_window_corner_a, co_window_of_opportunity_b,
          co_window_unsneaky_path_b, co_window_2corner, co_window_corner_b,
          co_window_corner_b, glass_columns_b
D:2:      minmay_recursive_quarters, layout_basic, lightli_temple_of_fire,
          lemuel_doored_altar, tso_altar, nicolae_qazlal_style_of_elements,
          chequers_ecumenical_altar_island, first_ration, minmay_box_of_dots,
          uniq_robin, uniq_jessica
D:3:      layout_rooms, kennysheep_slug_shrine, lemuel_crystal_altar,
          gammafunk_ghost_stat_death
D:4:      layout_basic, lemuel_crystal_altar, portal_sewer_entry_f
D:5:      layout_basic, serial_co_window_serial, co_window_paths_b,
          co_window_paths_a, co_window_of_opportunity_a,
          co_window_of_opportunity_a, co_window_corner_a, co_window_paths_b,
          co_window_paths_a, co_window_corner_a, co_window_paths_a,
          co_window_paths_c, co_window_corner_b, co_window_of_opportunity_b,
          co_window_paths_c, co_window_broadway_b, glass_columns_a,
          glass_columns_a, kennysheep_big_empty_room, eino_tiny_chamber
D:6:      layout_basic, dancing_weapons_uskayaw, gammafunk_temple_overflow_wave,
          uniq_pikel
D:7:      layout_basic, minmay_temple_entry_arrows, grunt_ogre_cave,
          small_statue_intersection, xom_redecorated, uniq_harold
D:8:      layout_cave_pods, kiku_gazebo_garden_becter,
          nicolae_ru_great_annihilating_truth, nicolae_ossuary_entry_plus
D:9:      layout_irregular_city, lair_entry_dummy
D:10:     layout_loops_cross, zombieorc2_lemuel, enter_trove_5
D:11:     layout_roguey, special_room [special_room_bee]
D:12:     layout_gridville, serial_shops, shop, uniq_azrael
Lair:1:   layout_cave_shapes, minivault_25, minivault_24, uniq_sonja
Lair:2:   layout_cave_pods, swamp_mist_pool, beast_lair_carwin_8, uniq_erica,
          uniq_nergalle
Lair:3:   layout_regular_city, enter_volcano_2, minivault_19
Lair:4:   layout_cave_shapes, nicolae_spider_entry_non_spiders,
          wad_woods_road_04, grunt_megastairs_2, uniq_kirke
Lair:5:   layout_gridlike, special_room [special_room_mythical_zoo],
          lemuel_fruit_tree

Skill      XL: |  1  2  3  4  5  6  7  8  9 10 11 12 13 14 |
---------------+-------------------------------------------+-----
Fighting       | 4 5 6 8 9 10 11 12 | 12.6
Axes           | 3 4 5 6 8 10 11 13 14 15 | 15.0
Armour         | 4 5 6 8 9 10 11 12 | 12.6
Shields        | 4 5 6 8 9 10 11 12 | 12.6
Invocations    | 1 2 3 4 5 6 7 8 10 | 10.2
Dodging        | 4 5 |  5.0

Action                   |  1- 3 |  4- 6 |  7- 9 | 10-12 | 13-15 || total
-------------------------+-------+-------+-------+-------+-------++-------
Melee: War axe           |    50 |   117 |    25 |       |    76 ||   268
       Headbutt          |     7 |    20 |    87 |   241 |    81 ||   436
       Hand axe          |       |       |   223 |   573 |   129 ||   925
       Scimitar          |       |       |       |     5 |     6 ||    11
Invok: Slouch            |       |       |       |     2 |     5 ||     7
Evoke: Wand              |       |       |       |     1 |     4 ||     5
  Use: Scroll            |       |       |     6 |    17 |     4 ||    27
       Potion            |       |       |       |     1 |     2 ||     3
 Stab: Invisible         |       |       |       |     2 |       ||     2
       Paralysed         |       |       |       |     1 |       ||     1
  Eat: Chunk             |       |     2 |     6 |    12 |     3 ||    23
       Ration            |       |       |       |     1 |     1 ||     2
Armor: Scale mail        |    24 |    39 |    14 |       |       ||    77
       Plate armour      |       |       |    84 |   223 |   116 ||   423
Dodge: Dodged            |    12 |    27 |    45 |   117 |    78 ||   279
Block: Kite shield       |    24 |    73 |   156 |   401 |   226 ||   880
       Rpst.: Scimitar   |       |       |       |       |     1 ||     1

Table legend:
 A = Non-vault XP
 B = Vault XP
 C = Vault XP percentage of total XP
 D = Non-vault monster count
 E = Vault monster count
 F = Vault count percentage of total count
                 A         B        C        D         E       F
            +---------+---------+-------+---------+---------+-------
      Total |   42150 |   22770 |  35.1 |     312 |     169 |  35.1
            +---------+---------+-------+---------+---------+-------
        D:1 |       2 |       0 |   0.0 |       1 |       0 |   0.0
        D:2 |       1 |       0 |   0.0 |       1 |       0 |   0.0
        D:3 |     124 |       4 |   3.1 |      19 |       1 |   5.0
        D:4 |     683 |      11 |   1.6 |      21 |       4 |  16.0
        D:5 |     913 |       0 |   0.0 |      26 |       0 |   0.0
        D:6 |     585 |     641 |  52.3 |      21 |       1 |   4.5
        D:7 |    1093 |    1082 |  49.7 |      24 |       2 |   7.7
        D:8 |     451 |      53 |  10.5 |      16 |       4 |  20.0
        D:9 |    2842 |       0 |   0.0 |      26 |       0 |   0.0
       D:10 |     556 |    1702 |  75.4 |       5 |      37 |  88.1
       D:11 |    8430 |    1365 |  13.9 |      47 |      18 |  27.7
       D:12 |    2611 |    2164 |  45.3 |      17 |       6 |  26.1
     Lair:1 |    4907 |     802 |  14.0 |      18 |       1 |   5.3
     Lair:2 |    6872 |    3120 |  31.2 |      29 |      10 |  25.6
     Lair:3 |    3459 |       0 |   0.0 |      12 |       0 |   0.0
     Lair:4 |    3184 |    3966 |  55.5 |      13 |      20 |  60.6
     Lair:5 |    5437 |    2481 |  31.3 |      16 |      10 |  38.5
      Sewer |       0 |     153 | 100.0 |       0 |      24 | 100.0
    Ossuary |       0 |     350 | 100.0 |       0 |      11 | 100.0
    Volcano |       0 |    4876 | 100.0 |       0 |      20 | 100.0
            +---------+---------+-------+---------+---------+-------
